 Dungeon Crawl Stone Soup version 0.23.2-1-ga50397a (webtiles) character file.

Game seed: 14644521256126650696

2192 MalarOregon the Summoner (level 9, -3/57 HPs)
             Began as a Merfolk Summoner on May 20, 2019.
             Was a Follower of Elyvilon.
             Slain by a wyvern zombie (9 damage)
             ... on level 8 of the Dungeon.
             The game lasted 00:18:12 (9116 turns).

MalarOregon the Summoner (Merfolk Summoner)         Turns: 9116, Time: 00:18:13

Health: -3/57      AC:  7    Str: 12    XL:     9   Next: 33%
Magic:  10/12      EV: 12    Int: 14    God:    Elyvilon [*.....]
Gold:   397        SH:  0    Dex: 14    Spells: 4/12 levels left

rFire    . . .     SeeInvis .   c - +0 spear (venom)
rCold    . . .     Gourm    .   (no shield)
rNeg     + . .     Faith    .   a - +0 robe
rPois    .         Spirit   .   (no helmet)
rElec    .         Reflect  .   k - +2 cloak
rCorr    .         Harm     .   q - +0 pair of gloves
MR       .....                  (no boots)
Stlth    ++........             (no amulet)
HPRegen  0.19/turn              j - ring of positive energy
MPRegen  0.13/turn              g - +1 ring of protection

@: drained
A: change form in water, swift swim, stealthy swim
a: Lesser Healing, Divine Protection, Renounce Religion


You were on level 8 of the Dungeon.
You worshipped Elyvilon.
Elyvilon was aware of your devotion.
You were hungry.

You visited 2 branches of the dungeon, and saw 9 of its levels.

You collected 397 gold pieces.

Inventory:

Hand Weapons
 c - a +0 spear of venom (weapon)
   (You took it off a gnoll on level 5 of the Dungeon)
Missiles
 b - 6 exploding tomahawks (quivered)
Armour
 a - a +0 robe (worn)
 k - a +2 cloak (worn)
   (You found it on level 1 of the Dungeon)
 q - a +0 pair of gloves (worn)
   (You found it on level 4 of the Dungeon)
Jewellery
 g - a +1 ring of protection (right hand)
   (You found it on level 3 of the Dungeon)
 j - a ring of positive energy (left hand)
   (You found it on level 1 of the Dungeon)
 n - an uncursed amulet of regeneration {unknown}
   (You found it on level 4 of the Dungeon)
 r - an uncursed amulet of rage {unknown}
   (You found it on level 5 of the Dungeon)
 s - an uncursed ring of ice
   (You found it on level 6 of the Dungeon)
Scrolls
 d - 2 scrolls of enchant armour
 h - 3 scrolls of remove curse {@r2}
 i - a scroll of enchant weapon
 m - a scroll of fear
 p - a scroll of identify {@r1}
 y - a scroll of immolation {!r}
Potions
 f - 6 potions of curing {@q1}
 l - a potion of mutation {unknown}
 o - 3 potions of haste {@q3}
 t - a potion of lignification {!q}
 u - a potion of flight
 w - a potion of invisibility {unknown}
 z - a potion of agility {unknown}
Comestibles
 e - 12 rations {!d}
 v - a chunk of flesh


   Skills:
 - Level 2.6(2.0) Dodging
 - Level 2.1(1.6) Stealth
 - Level 2.0(1.4) Spellcasting
 + Level 12.4(11.6) Summonings


You had 4 spell levels left.
You knew the following spells:

 Your Spells              Type           Power        Failure   Level  Hunger
a - Summon Small Mammal   Summ           ####         1%          1    ##.....
c - Call Canine Familiar  Summ           ####....     1%          3    ####...
d - Summon Ice Beast      Ice/Summ       ###.....     22%         4    #####..

Your spell library contained the following spells:

 Spells                   Type           Power        Failure   Level  Hunger
 Call Imp                 Summ           ####....     1%          2    ###....
 Summon Guardian Golem    Hex/Summ       ###.....     7%          3    ####...
 Summon Lightning Spire   Summ/Air       ###.....     22%         4    #####..


Dungeon Overview and Level Annotations

Branches:
Dungeon (8/15)             Temple (1/1) D:6
   Lair: D:8-11

Altars:
Ashenzari
Cheibriados
Dithmenos
Elyvilon
Fedhas
Gozag
Hepliaklqana
Kikubaaqudgha
Makhleb
Nemelex Xobeh
Okawaru
Qazlal
Ru
Sif Muna
Trog
Uskayaw
Vehumet
Wu Jian
Xom
Zin
The Shining One

Shops:
D:4 [*

Annotations:
D:6 1 runed translucent door, goulibeur's ghost, novice DrBe


Message History

Your hound's corpse disappears in a puff of smoke!
The big kobold shouts!
You hit the big kobold but do no damage.
The big kobold is poisoned.
The big kobold barely misses you.
You barely miss the big kobold.
The big kobold hits you but does no damage.
You closely miss the big kobold. The big kobold hits you.
* * * LOW HITPOINT WARNING * * *
You barely miss the big kobold. You closely miss the kobold.
The big kobold hits you.
* * * LOW HITPOINT WARNING * * *
The kobold hits you with a +0 whip.
* * * LOW HITPOINT WARNING * * *
You hit the kobold but do no damage.
The kobold is poisoned.
The big kobold closely misses you. The kobold hits you with a +0 whip.
* * * LOW HITPOINT WARNING * * *
You closely miss the big kobold. The big kobold hits you.
* * * LOW HITPOINT WARNING * * *
The kobold barely misses you.
You miss the big kobold. The big kobold hits you.
* * * LOW HITPOINT WARNING * * *
The kobold closely misses you. The big kobold barely misses you.
You barely miss the big kobold.
You kill the kobold!
The big kobold hits you.
* * * LOW HITPOINT WARNING * * *
You miss the big kobold. The big kobold hits you.
* * * LOW HITPOINT WARNING * * *
A kobold comes into view.
The kobold moves out of view.
Found 19 gold pieces.
The kobold shouts!
A wyvern zombie comes into view.
The kobold hits you.
* * * LOW HITPOINT WARNING * * *
The big kobold looks more healthy.
You hit the kobold.
You kill the kobold!
You hit the big kobold. The big kobold hits you.
* * * LOW HITPOINT WARNING * * *
You barely miss the wyvern zombie. The wyvern zombie barely misses you.
You are healed.
You are feeling hungry.
The wyvern zombie bites you.
* * * LOW HITPOINT WARNING * * *
The kobold throws a stone.
The stone misses you. The big kobold barely misses you.
The wyvern zombie closely misses you. The wyvern zombie bites you!
You die...

#.............# .##
#.######.####.# #$#
##.# #.# #.# #..# #.#
#.# #.## #.# #. #.#
#.# #.# #Z###.#####.#
#.# #...........# .#
#..##.####Z@#
.####.......##.(#####
........)..)?KK.......
.......##)#.##########
#....!>)..#.#
.$.<#######.# # # #.#
#.. ###


You could see a big kobold, a wyvern zombie and a kobold.

Vanquished Creatures
  2 hippogriffs (D:7)
  Eustachio (D:4)
  Sigmund (D:2)
  An orc warrior (D:7)
  A phantom (D:6)
  A black bear (D:7)
  2 bullfrogs
  A scorpion (D:6)
  A wight (D:8)
  3 crimson imps
  A bullfrog skeleton (D:7)
  2 hounds
  3 orc priests (D:4)
  A centaur skeleton (D:8)
  A jelly (D:8)
  4 orc wizards
  3 worker ants (D:7)
  A howler monkey zombie (D:7)
  2 worker ant zombies
  5 gnolls
  3 adders
  2 oozes
  An adder zombie (D:3)
  An adder skeleton (D:8)
  3 worms
  A dart slug (D:1)
  8 leopard geckos
  15 orcs
  3 giant cockroaches
  4 hobgoblins
  5 jackals
  13 kobolds
  2 quokkas
  2 ball pythons
  6 bats
  8 frilled lizards
  6 goblins
  A jackal skeleton (D:3)
  A jackal zombie (D:6)
  A leopard gecko zombie (D:3)
  10 rats
133 creatures vanquished.

Vanquished Creatures (collateral kills)
  Grinder (D:4)
  Edmund (D:4)
  A sky beast (D:7)
  3 wights (D:8)
  An iguana (D:4)
  An orc wizard (D:7)
  5 gnolls
  An adder (D:2)
  A worm (D:2)
  3 orcs (D:7)
  A bat (D:1)
  A giant cockroach (D:1)
  A goblin (D:1)
  A hobgoblin (D:1)
  2 frilled lizards (D:3)
  A kobold (D:1)
  A quokka skeleton (D:3)
26 creatures vanquished.

Grand Total: 159 creatures vanquished

Notes
Turn   | Place    | Note
-------+----------+-------------------------------------------
     0 | D:1      | MalarOregon the Merfolk Summoner began the quest for the
                  | Orb.
     0 | D:1      | Reached XP level 1. HP: 13/13 MP: 3/3
    83 | D:1      | Reached XP level 2. HP: 19/19 MP: 0/5
   581 | D:1      | Reached XP level 3. HP: 23/24 MP: 6/6
   624 | D:1      | Reached skill level 5 in Summonings
   970 | D:2      | Learned a level 3 spell: Call Canine Familiar
  1035 | D:2      | Found an ancient bone altar of Kikubaaqudgha.
  1317 | D:2      | Found a shadowy altar of Dithmenos.
  1331 | D:2      | Reached XP level 4. HP: 22/30 MP: 3/7
  1579 | D:2      | Noticed Sigmund
  1594 | D:2      | Killed Sigmund
  1594 | D:2      | Reached skill level 6 in Summonings
  1594 | D:2      | Reached XP level 5. HP: 32/35 MP: 4/8
  1631 | D:2      | Learned a level 4 spell: Summon Ice Beast
  1836 | D:3      | Reached skill level 7 in Summonings
  1869 | D:3      | Reached XP level 6. HP: 22/41 MP: 6/9
  2481 | D:3      | Found an iron altar of Okawaru.
  2684 | D:4      | Noticed Eustachio
  2708 | D:4      | Killed Eustachio
  2708 | D:4      | Reached skill level 8 in Summonings
  2708 | D:4      | Reached XP level 7. HP: 41/46 MP: 10/10
  3221 | D:4      | Found Tuxt's Antique Armour Shop.
  3236 | D:4      | Found Xehed's Assorted Antiques.
  3236 | D:4      | Noticed Grinder
  3278 | D:4      | Paralysed by Grinder for 7 turns
  3307 | D:4      | HP: 2/46 [Grinder (1)]
  3317 | D:4      | Paralysed by Grinder for 2 turns
  3318 | D:4      | Killed Grinder
  3318 | D:4      | Reached skill level 9 in Summonings
  3629 | D:4      | Noticed Edmund
  3643 | D:4      | Killed Edmund
  3643 | D:4      | Reached XP level 8. HP: 17/52 MP: 8/11
  4341 | D:5      | Entered Level 5 of the Dungeon
  4492 | D:5      | Reached skill level 10 in Summonings
  5144 | D:5      | Found an ornate altar of the Wu Jian Council.
  5600 | D:6      | Found a runed translucent door.
  5631 | D:6      | Noticed goulibeur's ghost (novice DrBe)
  5737 | D:6      | Found a burning altar of Makhleb.
  5749 | D:6      | Found a shattered altar of Ashenzari.
  5752 | D:6      | Found a sacrificial altar of Ru.
  5755 | D:6      | Found a glowing golden altar of the Shining One.
  5912 | D:6      | Found a staircase to the Ecumenical Temple.
  5926 | Temple   | Entered the Ecumenical Temple
  6222 | Temple   | Became a worshipper of Elyvilon the Healer
  6375 | D:6      | Found a glowing silver altar of Zin.
  6928 | D:7      | Noticed a hippogriff
  7335 | D:7      | Reached skill level 11 in Summonings
  7343 | D:7      | Killed a hippogriff
  7569 | D:7      | Noticed a hippogriff
  7583 | D:7      | Killed a hippogriff
  7745 | D:7      | Reached XP level 9. HP: 51/57 MP: 12/12
  8091 | D:7      | Found a hazy altar of Hepliaklqana.
  8207 | D:7      | Reached skill level 12 in Summonings
  8577 | D:8      | Reached * piety under Elyvilon
  9116 | D:8      | Slain by a wyvern zombie

Skill      XL: |  1  2  3  4  5  6  7  8  9 |
---------------+----------------------------+-----
Summonings     | 5 6 7 8 9 11 12 | 12.4
Dodging        | |  2.6
Stealth        | |  2.1
Spellcasting   | |  2.0

Action                   |  1- 3 |  4- 6 |  7- 9 || total
-------------------------+-------+-------+-------++-------
Melee: Unarmed           |     6 |       |       ||     6
       Dagger            |    86 |   172 |   129 ||   387
       Spear             |       |       |   356 ||   356
 Cast: Summon Small Mamm |     8 |       |     2 ||    10
       Call Canine Famil |     2 |     6 |    20 ||    28
       Summon Ice Beast  |       |       |     1 ||     1
Invok: Lesser Healing    |       |       |     1 ||     1
  Use: Scroll            |     1 |     5 |     7 ||    13
       Potion            |       |       |     5 ||     5
 Stab: Sleeping          |     2 |     6 |     8 ||    16
       Distracted        |     2 |       |     1 ||     3
  Eat: Chunk             |     2 |     5 |    13 ||    20
       Ration            |       |       |     3 ||     3
Armor: Robe              |    15 |    46 |   120 ||   181
Dodge: Dodged            |    66 |   116 |   273 ||   455
